 Dungeon Crawl Stone Soup version 0.28-a0-1510-gd0f6b136d3 (webtiles) character file.

Game seed: 8927816157796002695

1486 comborobin the Ducker (level 8, -1/48 HPs)
             Began as a Deep Elf Delver on Jan 15, 2022.
             Slain by an adder (2 damage)
             ... on level 6 of the Dungeon.
             The game lasted 00:15:19 (8608 turns).

comborobin the Ducker (Deep Elf Delver)             Turns: 8608, Time: 00:15:20

Health: -1/48      AC:  9    Str: 15    XL:     8   Next: 50%
Magic:  22/22      EV: 14    Int: 18    God:
Gold:   51         SH:  0    Dex: 16    Spells: 8/11 levels left

rFire   + . .      SeeInvis .   a - +1 quarterstaff (drain)
rCold   . . .      Faith    .   (shield currently unavailable)
rNeg    . . .      Spirit   .   i - +0 leather armour
rPois   .          Reflect  .   s - +1 helmet
rElec   .          Harm     .   (no cloak)
rCorr   .          Rampage  .   v - +0 pair of gloves
Will    .....                   h - +2 pair of boots of Agoraphobia {rF+}
Stlth   +++.......              (no amulet)
HPRegen 0.16/turn               f - +6 ring of strength
MPRegen 0.18/turn               t - ring of magical power

@: lethally poisoned (-1 -> -4), flying
A: no striking features
a: no special abilities


You were on level 6 of the Dungeon.
You visited 1 branch of the dungeon, and saw 6 of its levels.

You collected 285 gold pieces.
You spent 234 gold pieces at shops.

Inventory:

Hand Weapons
 a - a +1 quarterstaff of draining (weapon)
 b - a +2 dagger of speed
 o - a +0 dagger
 q - a +2 hand axe of flaming
Armour
 h - the +2 pair of boots of Agoraphobia (worn) {rF+}
   (You acquired it on level 6 of the Dungeon)

   rF:        It protects you from fire.
 i - a +0 leather armour (worn)
 s - a +1 helmet (worn)
 v - a +0 pair of gloves (worn)
Jewellery
 f - a +6 ring of strength (left hand)
 t - a ring of magical power (right hand)
Wands
 g - a wand of digging (3)
Scrolls
 c - 2 scrolls of fog
 d - a scroll of identify
 j - a scroll of vulnerability
 l - a scroll of blinking
 r - a scroll of summoning
 u - a scroll of magic mapping
Potions
 n - 2 potions of flight


   Skills:
 + Level 4.6 Fighting
 - Level 3.1 Short Blades
 + Level 6.0 Staves
 + Level 6.1 Dodging
 - Level 6.0 Stealth
 + Level 2.2 Spellcasting
 + Level 1.6 Conjurations
 + Level 1.4 Air Magic
 + Level 1.5 Poison Magic
 - Level 3.0 Evocations


You had 8 spell levels left.
You knew the following spells:

 Your Spells              Type           Power      Damage    Failure   Level
e - Mephitic Cloud        Conj/Pois/Air  7%         N/A       34%         3

Your spell library contained the following spells:

 Spells                   Type           Power      Damage    Failure   Level
 Magic Dart               Conj           32%        1d4       11%         1
 Call Imp                 Summ           2%         N/A       32%         2


Dungeon Overview and Level Annotations

Branches:
Dungeon (6/15)
 Temple: D:4-7

Altars:
Hepliaklqana
The Shining One

Shops:
D:1 *   D:3 :

Annotations:
D:3 3 runed translucent doors, voltaire321's ghost, amateur DEEE
D:5 exclusion: door


Message History

The adder misses you. The adder bites you but does no damage.
The adder barely misses you. The adder bites you but does no damage.
The adder closely misses you. The adder bites you but does no damage.
Your extra speed is starting to run out.
The adder barely misses you. The adder bites you but does no damage.
The adder closely misses you. The adder bites you but does no damage.
The adder misses you. The adder bites you but does no damage.
The adder bites you. The adder closely misses you.
The adder bites you but does no damage. The adder bites you.
You are poisoned.
The adder poisons you!
You feel sick. The adder bites you but does no damage. The adder bites you.
* * * LOW HITPOINT WARNING * * *
You feel sick. The adder bites you.
* * * LOW HITPOINT WARNING * * *
You are more poisoned.
The adder poisons you! The adder bites you.
* * * LOW HITPOINT WARNING * * *
You feel yourself slow down.
* * * LOW HITPOINT WARNING * * *
You feel sick. The adder barely misses you. The adder bites you.
* * * LOW HITPOINT WARNING * * *
* * * LOW HITPOINT WARNING * * *
You feel sick. The adder barely misses you.
The adder bites you but does no damage.
Okay, then.
* * * LOW HITPOINT WARNING * * *
You feel sick. The adder bites you but does no damage.
The adder closely misses you. The adder misses you.
* * * LOW HITPOINT WARNING * * *
You feel sick. The adder bites you but does no damage.
The adder barely misses you. The adder closely misses you.
Unknown command.
Unknown command.
Unknown command.
* * * LOW HITPOINT WARNING * * *
You feel sick. The adder bites you.
You die...

#########Y#
#..#.#.....
#≈#≈≈≈≈≈≈#
.... # ._..
#≈#≈#≈####
.##.. ##.
#≈#≈#≈≈≈≈#
. #..
#≈#≈#≈##≈#
#≈#≈#≈≈#≈#
#≈#≈##≈#≈#
#≈†≈##S#≈#
###≈#@S#≈#
########


You could see 2 adders.

Vanquished Creatures
  A black bear (D:4)
  3 ice beasts
  A sky beast (D:6)
  An ogre (D:4)
  2 phantoms
  A kobold brigand (D:6)
  A bullfrog (D:4)
  A water moccasin zombie (D:5)
  A scorpion (D:6)
  A wyvern zombie (D:5)
  A crimson imp (D:5)
  A centaur zombie (D:6)
  A bullfrog skeleton (D:5)
  An orc priest (D:4)
  A hound (D:6)
  Ijyb (D:3)
  An iguana (D:6)
  An orc wizard (D:4)
  Robin (D:3)
  A howler monkey skeleton (D:2)
  8 adders
  3 gnolls (D:3)
  2 river rats (D:6)
  A white imp (D:5)
  6 worms
  3 dart slugs
  5 orcs
  6 endoplasms
  2 giant cockroaches (D:1)
  16 goblins
  12 hobgoblins
  3 quokkas
  6 ball pythons
  5 bats
  3 frilled lizards (D:1)
  2 goblin zombies (D:5)
  3 hobgoblin zombies (D:5)
  10 kobolds
  A kobold skeleton (D:5)
  3 kobold zombies (D:5)
  5 rats
128 creatures vanquished.

Vanquished Creatures (others)
  5 bushes (D:3)
  3 plants (D:1)
8 creatures vanquished.

Grand Total: 136 creatures vanquished

Notes
Turn   | Place    | Note
-------+----------+-------------------------------------------
     0 | D:5      | comborobin the Deep Elf Delver began the quest for the Orb.
     0 | D:5      | Reached XP level 1. HP: 13/13 MP: 3/3
   129 | D:5      | Noticed a water moccasin zombie
   165 | D:5      | Noticed an ogre
   199 | D:4      | Noticed a phantom
   309 | D:1      | Reached XP level 2. HP: 14/18 MP: 4/4
  1406 | D:2      | Reached skill level 1 in Staves
  1406 | D:2      | Reached XP level 3. HP: 19/22 MP: 5/5
  2318 | D:1      | Found Cineul's Assorted Antiques.
  2369 | D:1      | Reached XP level 4. HP: 22/27 MP: 6/6
  2860 | D:1      | Found a faded altar of an unknown god.
  3404 | D:3      | Noticed Ijyb
  3407 | D:3      | Killed Ijyb
  3605 | D:3      | Reached skill level 1 in Evocations
  3823 | D:3      | Reached XP level 5. HP: 19/31 MP: 7/7
  4091 | D:3      | Found Yfaoreimo's Book Boutique.
  4163 | D:3      | Found a runed translucent gate.
  4165 | D:3      | Found a runed translucent gate.
  4166 | D:3      | Found a runed translucent gate.
  4168 | D:3      | Noticed voltaire321's ghost (amateur DEEE)
  4196 | D:3      | Noticed Robin
  4356 | D:3      | Killed Robin
  5131 | D:4      | Noticed a black bear
  5135 | D:4      | Killed a black bear
  5136 | D:4      | Reached XP level 6. HP: 36/36 MP: 8/8
  6321 | D:4      | Reached XP level 7. HP: 25/41 MP: 9/9
  6648 | D:5      | Reached skill level 5 in Staves
  6809 | D:5      | Found a glowing golden altar of the Shining One.
  6819 | D:5      | Reached skill level 5 in Dodging
  7706 | D:5      | Reached XP level 8. HP: 41/48 MP: 10/10
  7869 | D:3      | Bought a book of Minor Magic for 234 gold pieces
  7873 | D:3      | Learned a level 3 spell: Mephitic Cloud
  8042 | D:6      | Reached skill level 1 in Spellcasting
  8042 | D:6      | Reached skill level 1 in Conjurations
  8183 | D:6      | Reached skill level 1 in Poison Magic
  8376 | D:6      | Reached skill level 1 in Air Magic
  8549 | D:6      | Found a hazy altar of Hepliaklqana.
  8583 | D:6      | Identified a scroll of acquirement
  8583 | D:6      | Acquired the +2 pair of boots of Agoraphobia {rF+}
  8606 | D:6      | HP: 2/48 [poisoned by an adder]
  8608 | D:6      | Slain by an adder

Illustrated notes

Levels and vault maps discovered:
D:1:      minmay_arrival_solitary_statue, layout_basic,
          hellmonk_ecumenical_altar_inner_sanctum, serial_shops,
          nicolae_shop_overgrown_old_shop, minmay_misc_feat_encased
D:2:      layout_loops_ring, serial_co_window_serial,
          co_window_of_opportunity_a, co_window_cross_1,
          co_window_of_opportunity_a, co_window_paths_a,
          co_window_of_opportunity_a, co_window_paths_c, co_window_paths_c,
          co_window_corner_b, co_window_cross_4, co_window_sun,
          co_window_4corner_a, glass_columns_a, hangedman_decor_points
D:3:      layout_loops_corners, serial_shops, nicolae_diamond_shop,
          gammafunk_ghost_split, minmay_hedge_maze, dk_noncrumbling_3,
          chequers_jeans, uniq_ijyb, uniq_robin
D:4:      layout_cave_pools, minmay_misc_feat_more_columns
D:5:      layout_gridville, nicolae_tso_besieged_by_evil
D:6:      layout_loops_ring, lightli_sewer_entry_pipes, minmay_ruined_shrine,
          uniq_eustachio, uniq_prince_ribbit1, uniq_crazy_yiuf_cottage

Skill      XL: |  1  2  3  4  5  6  7  8 |
---------------+-------------------------+-----
Short Blades   | 3 |  3.1
Staves         | 1 2 3 4 5 6 |  6.0
Evocations     | 1 3 |  3.0
Dodging        | 3 4 5 6 |  6.1
Fighting       | 3 4 |  4.6
Spellcasting   | 2 |  2.2
Conjurations   | 1 |  1.6
Poison Magic   | 1 |  1.5
Air Magic      | 1 |  1.4
Stealth        | |  6.0

Action                   |  1- 3 |  4- 6 |  7- 9 || total
-------------------------+-------+-------+-------++-------
Melee: Short sword       |    35 |       |       ||    35
       Quarterstaff      |    44 |    78 |   124 ||   246
       Dagger            |       |   152 |    49 ||   201
       Punch             |       |     1 |     1 ||     2
Evoke: Wand              |       |     2 |     3 ||     5
  Use: Scroll            |     4 |     8 |     4 ||    16
       Potion            |     3 |     2 |     3 ||     8
 Stab: Sleeping          |     8 |    14 |    10 ||    32
       Invisible         |       |     2 |     2 ||     4
Armor: Leather armour    |    36 |    41 |    56 ||   133
       Skin              |       |     5 |       ||     5
Dodge: Dodged            |    58 |    95 |   119 ||   272

Table legend: (Time is in decaauts)
 A = Elapsed time spent in this place.
 B = Non-inter-level travel time spent in this place.
 C = Inter-level travel time spent in this place.
 D = Time resting spent in this place.
 E = Time spent auto-exploring this place.
 F = Levels seen in this place.
 G = Mean time per level.
                   A        B        C        D        E       F      G
               +--------+--------+--------+--------+--------+-----+--------+
         Total |   8543 |   8223 |    320 |   2013 |   4446 |   6 | 1423.8 |
       Dungeon |   8543 |   8223 |    320 |   2013 |   4446 |   6 | 1423.8 |
               +--------+--------+--------+--------+--------+-----+--------+

Top non-repeatable levels by time:
     D:3: 1869 daAuts
     D:2: 1783 daAuts
     D:5: 1571 daAuts
     D:4: 1349 daAuts
     D:1: 1286 daAuts
     D:6: 683 daAuts
